 Dungeon Crawl Stone Soup version 0.22.1-2-g9c5b331 (webtiles) character file.

65 Fang the Skirmisher (level 4, 0/43 HPs)
             Began as a Gargoyle Berserker on Nov 27, 2018.
             Was a Believer of Trog.
             Slain by a gnoll
             ... wielding a +0 spear
              (2 damage)
             ... on level 2 of the Dungeon.
             The game lasted 00:02:52 (950 turns).

Fang the Skirmisher (Gargoyle Berserker)             Turns: 950, Time: 00:02:53

Health: 0/43       AC:  6    Str: 27    XL:     4   Next: 13%
Magic:  4/4        EV: 12    Int:  7    God:    Trog [**....]
Gold:   16         SH:  0    Dex:  9    Spells: 3/3 levels left

rFire    . . .     SeeInvis .   l - +0 war axe
rCold    . . .     Gourm    .   (no shield)
rNeg     + . .     Faith    .   j - +0 leather armour
rPois    ∞         Spirit   .   (no helmet)
rElec    +         Reflect  .   (no cloak)
rCorr    .         Harm     .   (no gloves)
MR       .....                  (no boots)
Stlth    ..........             (no amulet)
HPRegen  0.14/turn              (no ring)
MPRegen  0.09/turn              (no ring)

@: berserking, very quick
A: negative energy resistance 1, electricity resistance, unbreathing,
petrification resistance, rot immunity, AC +3
a: Berserk, Trog's Hand, Renounce Religion


You were on level 2 of the Dungeon.
You worshipped Trog.
Trog was pleased with you.
You were very hungry.

You visited 1 branch of the dungeon, and saw 2 of its levels.

You collected 16 gold pieces.

Inventory:

Hand Weapons
 l - a +0 war axe (weapon)
Armour
 j - a +0 leather armour (worn)
Scrolls
 e - 5 scrolls of identify {unknown}
 h - a scroll of teleportation {unknown}
 i - a scroll of remove curse {unknown}
 k - a scroll of enchant armour {unknown}
Potions
 b - a potion of heal wounds {unknown}
 d - 2 potions of mutation {unknown}
 f - a potion of degeneration {unknown}
 g - a potion of berserk rage {unknown}
Comestibles
 c - 3 rations


   Skills:
 + Level 3.8 Fighting
 + Level 3.8 Axes
 + Level 2.4 Armour
 + Level 1.9 Dodging


You had 3 spell levels left.
You didn't know any spells.
Your spell library was empty.

Dungeon Overview and Level Annotations

Branches:
Dungeon (2/15)

Altars:


Innate Abilities, Weirdness & Mutations

You are resistant to torment.
Your stone body is resilient. (AC +3)
You are immune to poison.
You resist negative energy. (rN+)
You are resistant to electric shocks. (rElec)
You can survive without breathing.
You are immune to petrification.
You are immune to rotting.


Message History

You closely miss the gnoll.
The gnoll is moderately wounded.
The gnoll hits you with a spear.
* * * LOW HITPOINT WARNING * * *
The gnoll barely misses you.
Unknown command.
You slash the gnoll!
You feel the power of Trog in you as your rage grows.
You kill the gnoll!
Trog accepts your kill.
You have reached level 4!
You feel stronger.
The gnoll hits you from afar with a spear!
* * * LOW HITPOINT WARNING * * *
You slash the giant cockroach!
You feel the power of Trog in you as your rage grows.
You kill the giant cockroach!
Trog accepts your kill.
The gnoll hits you from afar with a spear.
You die...

.##.................#
........##.......†.##...
.####...................
..###..............##...
.....###..............
##...#.......†.....#...
#......#...##.###.## ##
...##....(.....# .#
#>...g)@...#..<# .#
......#)..)#..†# ##
......###.....## .....
##....# ... #....# ..
#....# . .......
###...... .......


You could see a gnoll.

Vanquished Creatures
  An adder (D:2)
  2 gnolls (D:2)
  An ooze (D:1)
  A giant cockroach (D:2)
  2 goblins
  3 hobgoblins (D:1)
  6 kobolds
  3 quokkas (D:2)
  2 ball pythons (D:1)
  6 bats
  3 frilled lizards (D:1)
  3 rats
33 creatures vanquished.

Notes
Turn   | Place    | Note
-------+----------+-------------------------------------------
     0 | D:1      | Fang the Gargoyle Berserker began the quest for the Orb.
     0 | D:1      | Reached XP level 1. HP: 14/14 MP: 1/1
    75 | D:1      | Reached XP level 2. HP: 16/19 MP: 2/2
   516 | D:1      | Reached XP level 3. HP: 19/24 MP: 3/3
   780 | D:2      | Reached ** piety under Trog
   949 | D:2      | Reached XP level 4. HP: 9/29 MP: 4/4
   949 | D:2      | HP: 2/43 [gnoll/spear (7)]
   950 | D:2      | Slain by a gnoll

Skill      XL: |  1 |
---------------+----+-----
Axes           | 3 |  3.8
Fighting       | |  3.8
Armour         | |  2.4
Dodging        | |  1.9

Action                   |  1- 3 |  4- 6 || total
-------------------------+-------+-------++-------
Melee: Hand axe          |    97 |       ||    97
       War axe           |    17 |     1 ||    18
Invok: Berserk           |     1 |       ||     1
Armor: Animal skin       |    21 |       ||    21
       Leather armour    |    22 |       ||    22
Dodge: Dodged            |    92 |       ||    92
